 Dungeon Sprint DCSS version 0.18-a0-1372-gd644665 (webtiles) character file.

132 namelastname112 the Pandemonic (level 6, -6/51 HPs)
             Began as a Demonspawn Gladiator on Feb 21, 2016.
             Was a High Priest of Makhleb.
             Killed by divine providence
             ... invoked by an orc high priest
              (15 damage)
             ... in the Dungeon (Sprint VI: "Thunderdome").
             The game lasted 00:03:05 (504 turns).

namelastname112 the Pandemonic (DsGl)                Turns: 504, Time: 00:03:05

Health: -6/51      AC: 10    Str: 19    XL:     6   Next: 29%
Magic:  21/21      EV: 12    Int:  9    God:    Makhleb [*****.]
Gold:   265        SH:  0    Dex: 18    Spells: 0 memorised, 5 levels left

rFire  + . .     SeeInvis .     a - +0 war axe
rCold  . . .     Gourm    .     s - +0 chain mail
rNeg   + . .     Faith    .     (no shield)
rPois  +         Spirit   .     c - +0 helmet
rElec  .         Dismiss  .     (no cloak)
rCorr  .         Reflect  .     (no gloves)
SustAt +         Harm     .     (no boots)
MR     .....     NoTele   +     p - amulet of Ziacivvycw {Inacc rF+ Str+2}
Stlth  ..........               r - ring of Miracles {rPois rN+ Dex+4}
                                q - ring "Qonkug" {SustAt +Blink MP+9 Slay+3 Stlth+}

@: not resistant to hostile enchantments, extremely unstealthy
A: repulsion field 1, powered by pain 1, rot immunity
a: Minor Destruction, Lesser Servant of Makhleb, Major Destruction, Greater
Servant of Makhleb, Renounce Religion, Evoke Blink


You were in the Dungeon.
You worshipped Makhleb.
Makhleb was extremely pleased with you.
You were not hungry.

You visited 1 branch You collected 400 gold pieces.
You spent 135 gold pieces at shops.

Inventory:

Hand Weapons
 a - a +0 war axe (weapon)
Missiles
 d - 2 throwing nets (quivered)
Armour
 b - a +0 leather armour
 c - a +0 helmet (worn)
 s - a +0 chain mail (worn)
Jewellery
 p - the amulet of Ziacivvycw (around neck) {Inacc rF+ Str+2}
   (You bought it in a shop in the Dungeon)

   [amulet of inaccuracy]

   It reduces the accuracy of all your attacks.
   It affects your strength (+2).
   It protects you from fire.
 q - the ring "Qonkug" (left hand) {SustAt +Blink MP+9 Slay+3 Stlth+}
   (You bought it in a shop in the Dungeon)

   [ring of sustain attributes]

   It sustains your strength, intelligence and dexterity.
   It affects your accuracy and damage with ranged weapons and melee attacks
   (+3).
   It affects your magic capacity (+9).
   It lets you blink.
   It makes you more stealthy.
 r - the ring of Miracles (right hand) {rPois rN+ Dex+4}
   (You bought it in a shop in the Dungeon)

   [ring of poison resistance]

   It affects your dexterity (+4).
   It protects you from poison.
   It protects you from negative energy.
Wands
 m - a wand of acid (5/15)
 n - a wand of iceblast (5/15)
Scrolls
 k - 4 scrolls of blinking
 o - 3 scrolls of fog
Potions
 e - a potion of curing
 g - 3 potions of heal wounds
 h - 4 potions of haste
 i - 2 potions of magic
 j - a potion of berserk rage
 l - a potion of resistance
Comestibles
 f - a bread ration


   Skills:
 + Level 5.6 Fighting
 * Level 7.3 Axes
 - Level 1.7 Throwing
 + Level 4.6 Armour
 + Level 5.5 Dodging
 * Level 8.2 Invocations


You had 5 spell levels left.
You didn't know any spells.

Dungeon Overview and Level Annotations

Branches:
Dungeon (1/1)

Altars:
Cheibriados
Dithmenos
Fedhas
Gozag
Kikubaaqudgha
Makhleb
Okawaru
Pakellas
Qazlal
Ru
Sif Muna
Trog
Vehumet
Xom
Yredelemnul
Zin
The Shining One
Jiyva
Lugonu

Shops:
D *[%??*?*:[((!!!!


Innate Abilities, Weirdness & Mutations

You are surrounded by a mild repulsion field (EV +2).
You sometimes gain a little power by taking damage.
You are immune to rotting.


Message History

You miss the orc priest.
The orc priest hits you with a dagger of venom.
* * * LOW HITPOINT WARNING * * *
Your orange demon stings the orc priest from afar!
You slash the orc priest!
You kill the orc priest!
Makhleb accepts your kill.
You feel better.
An orc high priest comes into view. It is wielding an enchanted dire flail.
All monsters which could be auto-targeted are covered by a wall or statue which interrupts your line of fire, even though it doesn't interrupt your line of sight.
Press: ? - help, Shift-Dir - straight line, f - orc high priest
Aim: an orc high priest, wielding an enchanted dire flail and wearing a ring mail (fire blocked by a granite statue)
Okay, then.
Press: ? - help, Shift-Dir - straight line, f - orc high priest
Aim: an orc high priest, wielding an enchanted dire flail and wearing a ring mail The iron shot misses the orc high priest.
You feel somewhat more hungry.
The orc high priest mumbles some strange prayers to Beogh against you.
Beogh smites you!
You die...

#####.8..†......8.######
∩___......###......___∩##
........8.# #.8........∩##
..........###....)........#
.......###...###..........⌠#
.......# #.<.# #..........⌠#
.......###...###..........⌠#
..†.......###...4.........##
........8.# #.8†@......∩###
∩.__......###..†...___∩##
#####.8....o....8.######
#⌠...........⌠#
###.........### #_..÷.....#
#.........# #_......._#
#∩.......∩#


You could see an orc high priest and a friendly orange demon.

Vanquished Creatures
  3 killer bees (D)
  An orc priest (D)
  An iguana (D)
  An adder (D)
  5 oozes (D)
  2 giant geckos (D)
  A giant cockroach (D)
14 creatures vanquished.

Vanquished Creatures (collateral kills)
  An orc warrior (D)
  3 killer bees (D)
4 creatures vanquished.

Grand Total: 18 creatures vanquished

Notes
Turn   | Place    | Note
--------------------------------------------------------------
     0 | D        | namelastname112 the Demonspawn Gladiator began the quest for the Orb.
     0 | D        | Reached XP level 1. HP: 16/16 MP: 1/1
     3 | D        | Found a shadowy altar of Dithmenos.
     4 | D        | Found a snail-covered altar of Cheibriados.
     5 | D        | Found a shimmering altar of Xom.
     5 | D        | Found a basalt altar of Yredelemnul.
     5 | D        | Round 1.
     6 | D        | Found a deep blue altar of Sif Muna.
     6 | D        | Found a stormy altar of Qazlal.
     6 | D        | Found Tuziaz's Weapon Rack.
     6 | D        | Found Secacey's Premium Goods.
     7 | D        | Found Kunnelusm's Basic Armour.
     7 | D        | Found Geatil's Miscellaneous Merchandise.
    11 | D        | Found a sacrificial altar of Ru.
    18 | D        | Reached skill level 3 in Axes
    18 | D        | Reached skill level 1 in Armour
    18 | D        | Gained mutation: You sometimes gain a little power by taking damage. [demonic ancestry]
    18 | D        | Reached XP level 2. HP: 21/23 MP: 2/2
    19 | D        | Found a glowing silver altar of Zin.
    21 | D        | Found Neovvues's Identification Station.
    21 | D        | Found an oddly glowing altar of Pakellas.
    21 | D        | Found a radiant altar of Vehumet.
    21 | D        | Found a blossoming altar of Fedhas.
    21 | D        | Found Fihi's Bee Food.
    22 | D        | Found Zevoitidgh's Advanced Armour.
    22 | D        | Found Peogo's Jewellery.
    25 | D        | Found a glowing golden altar of the Shining One.
    26 | D        | Found an opulent altar of Gozag.
    27 | D        | Found a bloodstained altar of Trog.
    28 | D        | Found Taeli's Magic Scroll Shop.
    29 | D        | Found an ancient bone altar of Kikubaaqudgha.
    29 | D        | Found a viscous altar of Jiyva.
    29 | D        | Found Muin Pothra's Staff Store.
    29 | D        | Found Gipsa's Magic Scroll Shop.
    29 | D        | Found Waongu's Must-Have Magic.
    33 | D        | Found a corrupted altar of Lugonu.
    34 | D        | Found a burning altar of Makhleb.
    35 | D        | Found an iron altar of Okawaru.
    36 | D        | Found Guys's Distillery.
    36 | D        | Found Iriuts's Do-It-Yourself Clinic.
    37 | D        | Found Cewoarinia's Distillery.
    37 | D        | Found Jair's Bottled Wisdom.
    44 | D        | Became a worshipper of Makhleb the Destroyer
    75 | D        | Reached skill level 4 in Axes
    75 | D        | Gained mutation: You are immune to rotting. [demonic ancestry]
    75 | D        | Reached XP level 3. HP: 7/29 MP: 2/4
    82 | D        | Reached * piety under Makhleb
   126 | D        | Arena points: 12 (+12) [x2]
   160 | D        | Bought a fine bronze amulet for 45 gold pieces
   160 | D        | Bought a warped steel ring for 45 gold pieces
   160 | D        | Bought a bound lapis lazuli ring for 45 gold pieces
   160 | D        | Identified the amulet of Ziacivvycw {Inacc rF+ Str+2} (You bought it in a shop in the Dungeon)
   161 | D        | Identified the ring "Qonkug" {SustAt +Blink MP+9 Slay+3 Stlth+} (You bought it in a shop in the Dungeon)
   162 | D        | Identified the ring of Miracles {rPois rN+ Dex+4} (You bought it in a shop in the Dungeon)
   202 | D        | Round 2.
   204 | D        | Reached ** piety under Makhleb
   218 | D        | Reached *** piety under Makhleb
   228 | D        | Arena points: 48 (+36) [x3]
   269 | D        | Round 3.
   310 | D        | Noticed a killer bee
   314 | D        | Noticed a killer bee
   315 | D        | Killed a killer bee
   315 | D        | Reached skill level 5 in Axes
   315 | D        | Reached XP level 4. HP: 28/37 MP: 7/7
   318 | D        | Reached **** piety under Makhleb
   324 | D        | Reached skill level 5 in Invocations
   341 | D        | Reached skill level 6 in Axes
   341 | D        | Gained mutation: You are surrounded by a mild repulsion field (EV +2). [demonic ancestry]
   341 | D        | Reached XP level 5. HP: 15/43 MP: 9/9
   344 | D        | Reached skill level 5 in Dodging
   417 | D        | Reached ***** piety under Makhleb
   417 | D        | Arena points: 132 (+84) [x4]
   417 | D        | Reached skill level 5 in Fighting
   417 | D        | Reached skill level 7 in Invocations
   465 | D        | Round 4.
   473 | D        | Noticed an orc warrior
   483 | D        | Killed an orc warrior
   483 | D        | Reached skill level 8 in Invocations
   483 | D        | Reached XP level 6. HP: 17/51 MP: 12/12
   503 | D        | Noticed an orc high priest
   504 | D        | Killed from afar by an orc high priest

Vault maps used:
D:        arena_sprint

Action                   |  1- 3 |  4- 6 || total
-------------------------+-------+-------++-------
Melee: War axe           |    38 |    15 ||    53
Throw: Throwing net      |     4 |       ||     4
Invok: Lesser Servant of |     1 |     1 ||     2
       Major Destruction |       |     1 ||     1
  Use: Potion            |       |     1 ||     1
 Stab: Held in net/web   |     1 |       ||     1
       Distracted        |     1 |       ||     1
